[Event "Early-Titled-Tuesday-Blitz-December-26-2023"]
[Site "Chess.com"]
[Date "2023.12.26"]
[Round "6"]
[White "AljoschaFeuerstack"]
[Black "AjedrezInteligente"]
[Result "0-1"]
[WhiteElo "2679"]
[BlackElo "2540"]
[TimeControl "180+1"]
[EndTime "9:06:29 PST"]
[Termination "AjedrezInteligente won by resignation"]

1. e4 c5 2. Nf3 e6 3. d3 Nc6 4. g3 g6 5. Bg2 Bg7 6. O-O Nge7 7. Re1 O-O 8. c3 d5 9. Qe2 b5 10. Nbd2 a5 11. a4 b4 12. e5 Ba6 13.
Nb3 c4 14. dxc4 Bxc4 15. Qd1 bxc3 16. bxc3 Qc7 17. Nbd4 Nxe5 18. Bf4 Nxf3+ 19. Nxf3 Qc5 20. Qd2 Nc6 21. h4 Rfd8 22. Bg5 Rdb8 23. h5 Rb3 24. Rac1 Rab8 25. h6 Bh8 26. Qf4 Rb2 27. Re3 e5 28. Qh4 Qd6 29. Rce1 e4 30. Bf4 Ne5 31.
Nxe5 Bxe5 32. Bxe4 Bxf4 33. gxf4 dxe4 34. Rxe4 Rb1 35.
Kh2 Rxe1 36. Rxe1 Qd8 37. Qg3 Qf6 38. Re5 Rd8 39. Qe3 Be6 40. Qb6 Qxf4+ 0-1

[Event "Early-Titled-Tuesday-Blitz-December-26-2023"]
[Site "Chess.com"]
[Date "2023.12.26"]
[Round "6"]
[White "missponyo10"]
[Black "fugadelafuga"]
[Result "1-0"]
[WhiteElo "2251"]
[BlackElo "2415"]
[TimeControl "180+1"]
[EndTime "9:06:29 PST"]
[Termination "missponyo10 won by resignation"]

1. e4 c6 2. d4 d5 3. Nd2 dxe4 4. Nxe4 Nf6 5. Nxf6+ exf6 6. c3 Bd6 7. Bd3 O-O 8.
Qc2 Re8+ 9. Ne2 h5 10. Be3 Nd7 11. O-O Nf8 12. Ng3 h4 13. Ne2 Bc7 14. Rfe1 Bg4 15. Nf4 Qd6 16. c4 Ne6 17. c5 Qd7 18. Bf5 Bxf4 19.
Bxg4 Nxd4 20. Qd1 f5 21. Bh3 Be5 22. Qd2 Rad8 23. Rad1 Qc7 24. Bxd4 Rxd4 25. Qxd4 Bxd4 26. Rxe8+ Kh7 27. Rxd4 g6 28. Rd1 Qa5 29. Re7 Kg7 30.
Rxb7 Qxc5 31. g3 hxg3 32. hxg3 a5 33. Rdd7 Qc1+ 34. Kg2 Kh6 35. Rxf7 Qc2 36. Rfe7 Qc4 37. Rh7+ Kg5 38. Rbf7 Qe4+ 39. Kh2 Qf3 40. Kg1 Qd1+ 41.
Bf1 Qf3 42. Bg2 Qd1+ 43. Kh2 f4 44. gxf4+ Kg4 45. f3+ 1-0

[Event "Early-Titled-Tuesday-Blitz-December-26-2023"]
[Site "Chess.com"]
[Date "2023.12.26"]
[Round "6"]
[White "suyu28"]
[Black "GMBenjaminBok"]
[Result "0-1"]
[WhiteElo "2789"]
[BlackElo "2981"]
[TimeControl "180+1"]
[EndTime "9:06:30 PST"]
[Termination "GMBenjaminBok won on time"]

1. d4 Nf6 2. c4 e6 3. Nf3 b6 4. g3 Ba6 5. b3 Bb4+ 6. Bd2 Be7 7.
Nc3 d5 8. cxd5 exd5 9. Bg2 O-O 10. O-O Re8 11. a3 c5 12. Bf4 Nc6 13. dxc5 bxc5 14.
Ne5 Nxe5 15. Bxe5 d4 16. Na4 Nd5 17. Bf4 Nxf4 18. gxf4 Bd6 19. Re1 Rb8 20. e3 Qf6 21. Bd5 Rbd8 22. Qf3 g6 23. Kh1 Bf8 24. Kg1 Bb5 25. e4 d3 26. Rad1 Rxd5 27. exd5 Rxe1+ 28. Rxe1 c4 29. Qe4 cxb3 30. Rb1 d2 31. Nb2 Qxb2 32. Rxb2 d1=Q+ 33. Kg2 Bxa3 0-1

[Event "Early-Titled-Tuesday-Blitz-December-26-2023"]
[Site "Chess.com"]
[Date "2023.12.26"]
[Round "6"]
[White "GMT4114"]
[Black "jcmesafischer"]
[Result "0-1"]
[WhiteElo "2016"]
[BlackElo "2337"]
[TimeControl "180+1"]
[EndTime "9:06:31 PST"]
[Termination "jcmesafischer won on time"]

1. e4 c5 2. Nc3 d6 3. d4 cxd4 4. Qxd4 Bd7 5. b3 Nc6 6. Qd2 g6 7. Bb2 Bg7 8. O-O-O a5 9. a4 Nb4 10. Kb1 Rc8 11. f4 Nh6 12. Nf3 O-O 13. h4 Qc7 14. e5 Bf5 15. Nd4 dxe5 16. Nxf5 Nxf5 17. fxe5 Qxe5 18.
Rh3 Nd6 19. Re1 Qc5 20. h5 Nf5 21. hxg6 hxg6 22. g4 Rfd8 23. Qh2 Nd4 24. Bc4 Nbxc2 25. Ne4 Qc7 26. Bxf7+ Kxf7 27. Ng5+ Ke8 28. Rh8+ Bxh8 29. Qxh8+ Kd7 0-1

[Event "Early-Titled-Tuesday-Blitz-December-26-2023"]
[Site "Chess.com"]
[Date "2023.12.26"]
[Round "6"]
[White "bescmelasti"]
[Black "Yurasova_Daria"]
[Result "0-1"]
[WhiteElo "2635"]
[BlackElo "2475"]
[TimeControl "180+1"]
[EndTime "9:06:32 PST"]
[Termination "Yurasova_Daria won by resignation"]

1. e3 d5 2. c4 c6 3. Nf3 Nf6 4. Nc3 Bf5 5. Qb3 Bc8 6. d4 e6 7.
Bd2 Be7 8. Rc1 O-O 9. Bd3 a6 10. c5 Nbd7 11. O-O e5 12. dxe5 Ng4 13. Na4 Ngxe5 14.
Nxe5 Nxe5 15. Nb6 Rb8 16. Nxc8 Qxc8 17. Be2 Qf5 18. Bc3 Nd7 19. Bd4 Bf6 20. Qc3 Rfe8 21. Bd3 Qg5 22. b4 h5 23. Rce1 h4 24. a4 h3 25. g3 Bxd4 26. exd4 Nf6 27. Qc1 Qg4 28. f4 Rxe1 29. Qxe1 Re8 30. Qd1 Qe6 31. Qf3 Nd7 32. Kf2 Nf8 33. g4 Qf6 34. Kg3 Qxd4 35. Rd1 Qxb4 36.
Kxh3 Qxc5 37. g5 Re3 0-1

[Event "Early-Titled-Tuesday-Blitz-December-26-2023"]
[Site "Chess.com"]
[Date "2023.12.26"]
[Round "6"]
[White "nitpicker"]
[Black "Gyulamiryan-koryun"]
[Result "1-0"]
[WhiteElo "2308"]
[BlackElo "2009"]
[TimeControl "180+1"]
[EndTime "9:06:32 PST"]
[Termination "nitpicker won on time"]

1. d4 Nf6 2. c4 c5 3. d5 b5 4.
cxb5 a6 5. e3 g6 6. Nc3 Bg7 7.
Nf3 O-O 8. a4 d6 9. Ra3 Nbd7 10.
h3 Nb6 11. a5 Nbd7 12. b6 Bb7 13. Bc4 Re8 14. O-O Nxb6 15. axb6 Qxb6 16. Rb3 Qc7 17. e4 Reb8 18. Bf4 Nd7 19. Re1 Nb6 20. Bf1 c4 21. Ra3 Qc5 22. Be3 Qc7 23. Bd4 Nd7 24.
Bxg7 Kxg7 25. Qd4+ f6 26. Qxc4 Qxc4 27. Bxc4 Rc8 28. Bf1 Nc5 29. Nd4 Kf7 30. b4 Nd7 31. Ne6 Ne5 32. Rea1 Nc4 33. R3a2 f5 34. Na4 fxe4 35.
Bxc4 Rxc4 36. Nb6 Bxd5 37. Ng5+ Kf6 38. Nxh7+ Kg7 39. Nxa8 Bxa8 40. Rxa6 Bd5 41. Ng5 Kf6 42.
h4 e3 43. fxe3 Rxh4 44. Nf3 Bxf3 45. gxf3 Rxb4 46. Kf2 g5 47. Kg3 Rb3 48. R1a3 Rb4 49. R6a4 Rb5 50. Rg4 Re5 51. f4 gxf4+ 52. Rxf4+ Ke6 53.
Kf3 Rh5 54. Re4+ Kf7 55. Ra7 1-0

[Event "Early-Titled-Tuesday-Blitz-December-26-2023"]
[Site "Chess.com"]
[Date "2023.12.26"]
[Round "6"]
[White "pirulillo"]
[Black "Matic_Nareks"]
[Result "0-1"]
[WhiteElo "2281"]
[BlackElo "2501"]
[TimeControl "180+1"]
[EndTime "9:06:35 PST"]
[Termination "Matic_Nareks won by resignation"]

1. e4 d5 2. exd5 Qxd5 3. Nc3 Qa5 4. d4 Nf6 5. Nf3 Bg4 6. h3 Bxf3 7. Qxf3 Nc6 8. Bb5 O-O-O 9. Bxc6 bxc6 10. Qxc6 Rxd4 11. Be3 Rd6 12. Qa8+ Kd7 13. O-O g5 14. Rfd1 Bg7 15. Qf3 h5 16. a4 a6 17. Rab1 g4 18.
hxg4 hxg4 19. Qg3 Qh5 20. Kf1 Qf5 21. Qf4 Qxc2 22. Kg1 Qh7 23. Kf1 Bh6 24. Qxh6 Qxh6 25. Bxh6 Rxh6 26. b4 e5 27. b5 Rh8 28. bxa6 Ra8 29.
Nb5 Rd5 30. Rxd5+ Nxd5 31. Rd1 c6 32. Nc3 Rxa6 33. Nxd5 cxd5 34. Rxd5+ Ke6 35. Rd2 Rxa4 36. Ke2 f5 37. Rb2 f4 38. Rb6+ Kf5 39. Rb8 Ke4 40.
Rb2 f3+ 41. gxf3+ gxf3+ 42. Kd2 Kf4 43. Rb8 Ra2+ 44. Ke1 Ra1+ 45. Kd2 Rf1 46. Rf8+ Ke4 47. Rh8 Rxf2+ 48. Ke1 Ra2 49. Rh4+ Ke3 0-1

[Event "Early-Titled-Tuesday-Blitz-December-26-2023"]
[Site "Chess.com"]
[Date "2023.12.26"]
[Round "6"]
[White "zubridis"]
[Black "Alex_Sahakyan2006"]
[Result "0-1"]
[WhiteElo "2554"]
[BlackElo "2713"]
[TimeControl "180+1"]
[EndTime "9:06:37 PST"]
[Termination "Alex_Sahakyan2006 won on time"]

1. e4 c5 2. Nf3 g6 3. c4 Bg7 4. d4 cxd4 5. Nxd4 Nc6 6. Be3 Nf6 7.
Nc3 d6 8. Be2 O-O 9. O-O Nxd4 10. Bxd4 Be6 11. Kh1 a5 12. f4 a4 13. f5 Bd7 14.
Bd3 Bc6 15. Nd5 Bxd5 16. exd5 Nd7 17. Bxg7 Kxg7 18. Rf4 Ne5 19. Rh4 f6 20. fxg6 hxg6 21. Qd2 Rh8 22. Re4 Rh5 23. Rae1 Qb6 24. h3 Rah8 25.
R4e3 Rg5 26. Rf1 Qd4 27. Qe2 Rh4 28. b3 a3 29. Bb1 b6 30. Qf2 Rh6 31. Kg1 Kf8 32.
Re4 Qxf2+ 33. Kxf2 Ke8 34. Rg1 Kd7 35. Bc2 Rh8 36.
Rge1 Rgh5 37. b4 Rc8 38. Bb3 Nd3+ 39. Kg3 Nxe1 40. Rxe1 Re5 41. Rf1 b5 42. cxb5 Re4 0-1

[Event "Early-Titled-Tuesday-Blitz-December-26-2023"]
[Site "Chess.com"]
[Date "2023.12.26"]
[Round "6"]
[White "Schachmalanders"]
[Black "wqws"]
[Result "0-1"]
[WhiteElo "2400"]
[BlackElo "2722"]
[TimeControl "180+1"]
[EndTime "9:06:37 PST"]
[Termination "wqws won by resignation"]

1. e4 e5 2. Nf3 Nc6 3. d4 exd4 4.
Nxd4 Nf6 5. Nc3 Bb4 6. Nxc6 bxc6 7. Bd3 d5 8. exd5 O-O 9. O-O cxd5 10. h3 c5 11. Qf3 Be6 12. Bg5 Bxc3 13. bxc3 h6 14.
Bxf6 Qxf6 15. Qxf6 gxf6 16. Rab1 Rab8 17. Rfe1 Rfd8 18.
f4 c4 19. Bf1 Bf5 20. Rxb8 Rxb8 21. Re7 a5 22. Ra7 Rb5 23. Kf2 Bxc2 24. Ke3 a4 25.
g4 Rb1 26. Bg2 Rd1 27. Rd7 Rd3+ 28. Ke2 d4 29. Rxd4 Rxc3 30. Rd8+ Kg7 31. Bd5 Rxh3 32.
Bxc4 f5 33. g5 hxg5 34. fxg5 Be4 35. Rd7 Kg6 36. Bxf7+ Kxg5 37. Ra7 a3 38. Ra5 Kf4 39. Be6 Rh2+ 40. Kd1 Rh3 41. Ke2 Bb1 42. Kf2 Bxa2 43. Ra4+ Ke5 44. Bxa2 Rh2+ 45. Ke3 Rxa2 46. Ra5+ Kf6 47.
Kf4 Ra1 48. Rxf5+ Kg6 49. Ra5 a2 50. Ra6+ Kf7 51. Ra7+ Ke8 52. Kf5 Rf1+ 53. Ke6 a1=Q 0-1

[Event "Early-Titled-Tuesday-Blitz-December-26-2023"]
[Site "Chess.com"]
[Date "2023.12.26"]
[Round "6"]
[White "Viktor_Poddubnyi"]
[Black "karinachess1"]
[Result "0-1"]
[WhiteElo "2367"]
[BlackElo "2573"]
[TimeControl "180+1"]
[EndTime "9:06:37 PST"]
[Termination "karinachess1 won on time"]

1. e4 e5 2. f4 d5 3. exd5 e4 4. d3 exd3 5. Qxd3 Nf6 6. Nc3 Be7 7. Be3 O-O 8. O-O-O Na6 9. Nf3 Nc5 10. Qc4 b6 11.
Ne5 Bb7 12. Nc6 Bxc6 13. dxc6 Qe8 14. Be2 a6 15. Bf3 b5 16. Qe2 Bd6 17. Rhe1 Qb8 18.
g4 b4 19. Nd5 Nxd5 20. Bxd5 a5 21. Qc4 Na4 22. g5 Nb6 23. Bxb6 Qxb6 24. Rf1 a4 25. f5 a3 26. g6 axb2+ 27. Kb1 Be5 28. Bxf7+ Kh8 29.
Qh4 h6 30. f6 b3 31. fxg7+ Bxg7 32. Bxb3 Qxc6 0-1

[Event "Early-Titled-Tuesday-Blitz-December-26-2023"]
[Site "Chess.com"]
[Date "2023.12.26"]
[Round "6"]
[White "JafarTheParrot"]
[Black "AsaHoffmann"]
[Result "1-0"]
[WhiteElo "2518"]
[BlackElo "2324"]
[TimeControl "180+1"]
[EndTime "9:06:38 PST"]
[Termination "JafarTheParrot won on time"]

1. e4 d6 2. Nc3 c6 3. g3 Nf6 4. Bg2 e5 5. Nge2 Be7 6. d3 O-O 7. O-O Nbd7 8. h3 b5 9. f4 b4 10.
Na4 c5 11. f5 Bb7 12. g4 h6 13. Be3 Nh7 14. c4 Bg5 15. Bf2 Bc6 16. b3 Bxa4 17. bxa4 Rb8 18. Qe1 Qa5 19. h4 Be7 20. Qd1 Nb6 21. Kh2 Nxa4 22. Kh3 Nc3 23. Qd2 Qa3 24. Ng1 Na4 25. Nf3 Qc3 26. Qe2 Nb2 27.
Rfc1 Qa3 28. Bf1 Na4 29. Be3 Nc3 30. Qd2 Qa5 31. g5 hxg5 32. hxg5 Qd8 33. Kg4 g6 34.
Bg2 Qd7 35. Rh1 Kg7 36. a3 a5 37. axb4 axb4 38. Rh6 Rh8 39. Rah1 Rbg8 40. d4 cxd4 41. Nxd4 Nf8 42. Ne6+ Nxe6 43. f6+ Kf8 44. Rxh8 Nf4+ 45. Kg3 1-0

[Event "Early-Titled-Tuesday-Blitz-December-26-2023"]
[Site "Chess.com"]
[Date "2023.12.26"]
[Round "6"]
[White "adapodadei"]
[Black "Kotofeyca"]
[Result "1-0"]
[WhiteElo "2741"]
[BlackElo "2425"]
[TimeControl "180+1"]
[EndTime "9:06:40 PST"]
[Termination "adapodadei won by resignation"]

1. g3 d5 2. Bg2 c6 3. d3 Bg4 4.
Nd2 Nd7 5. h3 Bh5 6. Ngf3 e5 7.
e4 dxe4 8. dxe4 Bc5 9. O-O Ngf6 10. Qe1 Qe7 11. a4 a5 12. Nh4 Bg6 13. Nc4 Nb6 14. Nxg6 hxg6 15. Nxa5 Bb4 16. Bd2 Bxd2 17. Qxd2 O-O 18.
Qc3 Rfd8 19. Qb3 Rxa5 20. Qxb6 Rc5 21. c3 Rc4 22. Rfe1 Rd2 23. a5 Qc5 24. Bf1 Qxb6 25.
axb6 Rxe4 26. Rxe4 Nxe4 27. Ra8+ Kh7 28. Rb8 Rxb2 29.
Rxb7 Nxc3 30. Rb8 f5 31. b7 Na4 32. Ra8 Rxb7 33. Rxa4 Rc7 34. Rh4+ Kg8 35. Bc4+ Kf8 36.
Rh8+ Ke7 37. Rg8 Kf6 38. h4 e4 39. Re8 c5 40. Re6+ Kf7 41. Rc6+ 1-0

[Event "Early-Titled-Tuesday-Blitz-December-26-2023"]
[Site "Chess.com"]
[Date "2023.12.26"]
[Round "6"]
[White "Barbix1"]
[Black "LeoLV10"]
[Result "0-1"]
[WhiteElo "2274"]
[BlackElo "2475"]
[TimeControl "180+1"]
[EndTime "9:06:44 PST"]
[Termination "LeoLV10 won by checkmate"]

1. e4 c6 2. d4 d5 3. e5 Bf5 4. h4 h5 5. Bd3 Bxd3 6. Qxd3 Qa5+ 7. Nd2 e6 8. Ne2 c5 9. c4 Ne7 10. O-O Nbc6 11. cxd5 Nxd5 12. Nc4 Qa6 13. Bg5 Ncb4 14. Qb3 cxd4 15. Nxd4 Bc5 16. a3 Nc6 17. Nxc6 Qxc6 18. Rac1 Qd7 19. Qd1 Rc8 20. b4 Bf8 21. Qf3 b5 22.
Na5 Be7 23. Rxc8+ Qxc8 24. Rc1 Qd7 25. Nc6 Bxg5 26. hxg5 g6 27. Nb8 Qb7 28. Nc6 O-O 29. Nd4 a6 30. Qd3 Rc8 31. Rc5 Qb8 32. Qc3 Rd8 33.
Rc6 Qxe5 34. Rxa6 Nf4 35. Rc6 Qxd4 36. Qxd4 Rxd4 37. Rc5 Ne2+ 38. Kf1 Nf4 39. g3 Rd1# 0-1

[Event "Early-Titled-Tuesday-Blitz-December-26-2023"]
[Site "Chess.com"]
[Date "2023.12.26"]
[Round "6"]
[White "anasta10"]
[Black "MightyGMpretender"]
[Result "0-1"]
[WhiteElo "2557"]
[BlackElo "2736"]
[TimeControl "180+1"]
[EndTime "9:06:45 PST"]
[Termination "MightyGMpretender won by resignation"]

1. Nf3 g6 2. d4 Bg7 3. h4 Nf6 4. c4 e6 5. Nc3 d5 6. Bg5 h6 7. Bxf6 Bxf6 8. h5 g5 9. e3 c6 10. Qc2 Nd7 11. Be2 Qe7 12. Nd2 Bg7 13. O-O-O Nb6 14.
Kb1 f5 15. f3 O-O 16. Rdf1 e5 17. dxe5 Qxe5 18. cxd5 Nxd5 19. Nxd5 cxd5 20. Re1 Be6 21. Nb3 Qxe3 22. Bd3 Qb6 23. Qc5 Rae8 24. Re2 Qxc5 25.
Nxc5 Bc8 26. Rd1 b6 27. Nb3 Rxe2 28. Bxe2 Re8 29. Bb5 Re5 30. Bc6 Be6 31. Nd4 Bf7 32. g4 f4 33. Nf5 Bf8 34. Kc2 Be6 35. a3 Re2+ 36. Kb1 Re5 37. Kc2 Kh7 38. Rd2 Bc5 39.
Kd1 Be3 40. Rd3 Bxf5 41. gxf5 d4 42. Be4 Rc5 43. Ke2 Kg7 44. Rd1 Kf6 45. Kd3 Ke5 46. Rf1 a5 47. Rd1 Rb5 48. Rb1 a4 49. Kc4 Rc5+ 50.
Kd3 Rb5 51. Kc4 Rc5+ 52. Kd3 Bc1 53. Ke2 g4 54. f6 Kxf6 55. fxg4 Ke5 56. Bf5 Be3 57. Kd3 f3 58. Rf1 Kf4 59. Be4 f2 60. Bf5 Kg3 61. g5 Rxf5 0-1

[Event "Early-Titled-Tuesday-Blitz-December-26-2023"]
[Site "Chess.com"]
[Date "2023.12.26"]
[Round "6"]
[White "Nasrin_Babayeva"]
[Black "maurovargas01"]
[Result "1-0"]
[WhiteElo "1823"]
[BlackElo "1866"]
[TimeControl "180+1"]
[EndTime "9:06:46 PST"]
[Termination "Nasrin_Babayeva won on time"]

1. d4 d5 2. c4 e6 3. e3 c6 4. Nc3 Nf6 5. b3 Nbd7 6. Bb2 Bd6 7. Bd3 O-O 8. Nf3 Re8 9. O-O Nf8 10. Qc2 Ng6 11.
Rad1 Bd7 12. e4 Rc8 13. e5 Bb8 14. exf6 gxf6 15. Rfe1 Qc7 16. cxd5 exd5 17. Bxg6 hxg6 18. h3 Kg7 19. Rc1 Bf5 20. Qd2 Qd6 21. Ne2 Be4 22. Ng3 Bxf3 23. gxf3 a6 24. Rxe8 Rxe8 25. Re1 Rh8 26. Kg2 Qd7 27. Rh1 Qe7 28. Qe3 Qd7 29. Ba3 Re8 30. Qd2 Re6 31. Qb4 Qe8 32. h4 Bxg3 33. Kxg3 Qb8+ 34. Kg2 Re8 35. h5 Qf4 36.
hxg6 Qg5+ 37. Kf1 1-0

[Event "Early-Titled-Tuesday-Blitz-December-26-2023"]
[Site "Chess.com"]
[Date "2023.12.26"]
[Round "6"]
[White "Pastore1978"]
[Black "Klavdia_Nik"]
[Result "1-0"]
[WhiteElo "2197"]
[BlackElo "1973"]
[TimeControl "180+1"]
[EndTime "9:06:46 PST"]
[Termination "Pastore1978 won on time"]

1. e4 c5 2. Nc3 Nc6 3. Bb5 g6 4. Bxc6 bxc6 5. f4 d6 6. Nf3 Bg7 7. O-O Nf6 8. d3 Bg4 9. Qe1 Bxf3 10. Rxf3 Nd7 11. Qh4 a5 12. a4 Qb6 13. Kh1 Qb4 14. Rf1 Bxc3 15. bxc3 Qxc3 16. Ra2 f6 17. Qf2 Qb4 18. Bd2 Qb6 19. Bc3 Qc7 20. e5 O-O 21. e6 Nb6 22. f5 g5 23. h4 Qd8 24. hxg5 fxg5 25. Qg3 h6 26. Bd2 Kh7 27. Kh2 Nd5 28. Raa1 Qe8 29. Rh1 Rxf5 30. Kg1 Qg6 31. Re1 Raf8 32.
c4 Nf4 33. Bc3 Nxe6 34. Qe3 1-0

[Event "Early-Titled-Tuesday-Blitz-December-26-2023"]
[Site "Chess.com"]
[Date "2023.12.26"]
[Round "6"]
[White "Alenzer"]
[Black "AnaKuchava"]
[Result "0-1"]
[WhiteElo "2062"]
[BlackElo "2209"]
[TimeControl "180+1"]
[EndTime "9:06:48 PST"]
[Termination "AnaKuchava won by checkmate"]

1. e4 c5 2. Nf3 d6 3. c3 Nf6 4. h3 g6 5. Bd3 Bg7 6. Bc2 O-O 7.
O-O Nc6 8. Re1 e5 9. d3 h6 10. Be3 Be6 11. Nbd2 b5 12. Bb3 Kh7 13. a4 a6 14. axb5 axb5 15. Qc2 Qc7 16. Bxe6 fxe6 17. Qb3 Qd7 18. Rxa8 Rxa8 19. Qxb5 Rc8 20. Qa4 Rb8 21.
Nc4 Nh5 22. Qc2 Nf4 23. Kh2 d5 24. Bxf4 dxc4 25. Bc1 cxd3 26. Qd2 c4 27. Qe3 Na5 28. g4 Nb3 29. g5 h5 30. Nd2 Nxc1 31. Rxc1 Qc6 32.
Rb1 Bf8 33. h4 Bc5 34. Qf3 Rf8 35. Qg3 Rxf2+ 36. Kh3 Rxd2 37. Qxe5 Qd6 38. Qxd6 Bxd6 39. b4 Rh2# 0-1

[Event "Early-Titled-Tuesday-Blitz-December-26-2023"]
[Site "Chess.com"]
[Date "2023.12.26"]
[Round "6"]
[White "Fischerev7"]
[Black "Sanyura"]
[Result "0-1"]
[WhiteElo "2390"]
[BlackElo "2619"]
[TimeControl "180+1"]
[EndTime "9:06:50 PST"]
[Termination "Sanyura won on time"]

1. e4 c5 2. Nf3 e6 3. d4 cxd4 4. Nxd4 Nc6 5. Nc3 Nf6 6. Be2 Bb4 7. Nxc6 bxc6 8. Qd4 c5 9. Qe3 d5 10. Bb5+ Bd7 11.
Bxd7+ Qxd7 12. exd5 Nxd5 13. Qf3 O-O 14. O-O Nxc3 15.
bxc3 Ba5 16. Rd1 Qe7 17. Rb1 Rad8 18. Rd3 Rxd3 19. cxd3 Bxc3 20. Rb7 Qd6 21. Rxa7 Bd4 22. Ra8 f6 23. Rxf8+ Kxf8 24. g3 Qa6 25. Qe2 Ke7 26.
Be3 Bxe3 27. fxe3 Qa4 28. Qd2 h5 29. Kf2 h4 30. Qb2 Qc6 31. gxh4 Qh1 32. Kg3 Qe1+ 33.
Qf2 Qd1 34. d4 c4 35. Qf4 Qg1+ 36. Kh3 f5 37. Qc7+ Kf6 38. Qe5+ Kf7 39. Qc7+ Kg6 40. h5+ Kxh5 41. Qf7+ Qg6 42. Qxg6+ Kxg6 0-1

[Event "Early-Titled-Tuesday-Blitz-December-26-2023"]
[Site "Chess.com"]
[Date "2023.12.26"]
[Round "6"]
[White "zverr1"]
[Black "matagordo"]
[Result "1-0"]
[WhiteElo "2480"]
[BlackElo "2241"]
[TimeControl "180+1"]
[EndTime "9:06:50 PST"]
[Termination "zverr1 won by resignation"]

1. e4 e6 2. d4 d5 3. Bd3 Nc6 4. Ne2 Nb4 5. Nbc3 Nxd3+ 6. Qxd3 Nf6 7. Bg5 Be7 8. O-O-O Nxe4 9. Bxe7 Qxe7 10. Nxe4 dxe4 11. Qxe4 Bd7 12. Qxb7 O-O 13. Qxc7 Rfc8 14. Qe5 Rab8 15. c3 Rb5 16. Qe3 Qd6 17. Rd2 Qa6 18. Kb1 Bc6 19. c4 Ra5 20. b3 Rb8 21. Rc1 Ra3 22.
Rb2 Ba4 23. Rc3 Bd7 24. f3 Qb7 25. Rd2 a5 26. Nc1 a4 27. Rb2 Qa7 28. b4 Rxc3 29. Qxc3 a3 30. Rb3 Ra8 31. Nd3 Ba4 32. Rxa3 Bc2+ 33.
Kb2 Qxa3+ 34. Qxa3 Rxa3 35. Kxc2 Rxa2+ 36. Kb3 Rxg2 37. b5 Rg1 38. b6 Rb1+ 39. Nb2 Rf1 40. b7 Rxf3+ 41.
Kb4 1-0

[Event "Early-Titled-Tuesday-Blitz-December-26-2023"]
[Site "Chess.com"]
[Date "2023.12.26"]
[Round "6"]
[White "RodokininEV"]
[Black "R2D2PTY"]
[Result "0-1"]
[WhiteElo "2574"]
[BlackElo "2268"]
[TimeControl "180+1"]
[EndTime "9:06:51 PST"]
[Termination "R2D2PTY won by resignation"]

1. Nf3 Nf6 2. g3 e6 3. Bg2 d5 4. O-O Be7 5. d3 O-O 6. Nbd2 Nc6 7. e4 dxe4 8. dxe4 e5 9. c3 a5 10. a4 Bc5 11. Qc2 b6 12. Nc4 Ba6 13. Qb3 Qe7 14. Bg5 Qe6 15. Nfd2 Ne8 16. Rfd1 Nf6 17. Be3 Qe7 18.
Bxc5 Qxc5 19. Ne3 Rad8 20. Ndf1 Bd3 21. Nf5 Bxe4 22. N1e3 Bxg2 23. Kxg2 Ne7 24. Qc2 Nxf5 25. Qxf5 Nd5 26. Ng4 Rfe8 27. h4 e4 28. Qg5 e3 29.
Rxd5 Rxd5 30. Nf6+ Kf8 31. Nxd5 h6 32. Qf5 g6 33. Qd3 Rd8 34. Rd1 e2 35. Qxe2 Rxd5 36.
Re1 Rd8 37. Kh2 Qc6 38. Qe3 Re8 39. Qxh6+ Kg8 40. Re7 Rxe7 41. Qg5 Qe6 42. Kg2 Qe4+ 43. Kg1 Qe5 44. Qg4 Qe1+ 45. Kg2 Qe4+ 0-1

[Event "Early-Titled-Tuesday-Blitz-December-26-2023"]
[Site "Chess.com"]
[Date "2023.12.26"]
[Round "6"]
[White "djokovic74"]
[Black "Ducke13"]
[Result "1-0"]
[WhiteElo "2644"]
[BlackElo "2396"]
[TimeControl "180+1"]
[EndTime "9:06:52 PST"]
[Termination "djokovic74 won on time"]

1. c4 Nf6 2. Nf3 g6 3. b4 Bg7 4. Bb2 O-O 5. e3 b6 6. Be2 Bb7 7. O-O d5 8. Nc3 dxc4 9. Bxc4 e6 10. d4 Nc6 11. b5 Ne7 12. Qe2 Ne4 13. a4 Nf5 14.
Rfd1 Qc8 15. Rac1 a6 16. Nxe4 axb5 17. Bd3 bxa4 18. Ba3 Rd8 19. Ng3 Nd6 20. Rc2 Ra7 21.
Rdc1 Bd5 22. Ne5 Bb3 23. Rc3 c5 24. f4 Nb7 25. Bb5 Ra5 26. dxc5 bxc5 27. Nc6 Bxc3 28. Ne7+ Kf8 29. Nxc8 Bd2 30. Rf1 Rxc8 31. Qxd2 Kg7 32. Qc3+ f6 33. Bb2 e5 34. Bd7 1-0

[Event "Early-Titled-Tuesday-Blitz-December-26-2023"]
[Site "Chess.com"]
[Date "2023.12.26"]
[Round "6"]
[White "DTChess"]
[Black "BilodeauA"]
[Result "0-1"]
[WhiteElo "2663"]
[BlackElo "2886"]
[TimeControl "180+1"]
[EndTime "9:06:53 PST"]
[Termination "BilodeauA won by resignation"]

1. e4 c5 2. Nf3 Nc6 3. Nc3 d6 4.
d4 cxd4 5. Nxd4 Nf6 6. Bc4 e6 7.
Bb3 a6 8. Be3 Be7 9. f3 Bd7 10.
Qd2 Na5 11. O-O Qc7 12. Rfd1 Nc4 13. Bxc4 Qxc4 14. Nb3 O-O 15. Qf2 Qc7 16. Rd2 b5 17. a3 Rac8 18. Rad1 Qb8 19. Bf4 e5 20. Bg5 Ng4 21. fxg4 Bxg5 22. Rxd6 Bxg4 23. R1d3 Be6 24. Nd5 Rc4 25. Rxa6 Rxe4 26. Nc5 Bxd5 27. Rxd5 Be3 28. Nxe4 Bxf2+ 29. Nxf2 Qc8 30. Ra5 Qxc2 31. Raxb5 e4 32. Rbc5 Qxb2 33. h3 e3 34. Nd3 Qxa3 35. Nf4 g6 36. Re5 Rd8 37. Kh2 f6 38. Red5 Rxd5 39.
Rxd5 g5 40. Ne2 Qa2 41. Rd8+ Kf7 42. Ng3 Qa7 43. Rd3 Qe7 44. Ne2 f5 45. g3 Qe4 46.
Ra3 Qf3 47. Ng1 Qf2+ 48. Kh1 Qxg3 49. Ra7+ Kg6 50. Ra6+ Kh5 51. Ra7 h6 52. Ra6 f4 53.
Rf6 Qf2 54. Re6 f3 0-1

[Event "Early-Titled-Tuesday-Blitz-December-26-2023"]
[Site "Chess.com"]
[Date "2023.12.26"]
[Round "6"]
[White "jlmanzanares"]
[Black "Louis64"]
[Result "1-0"]
[WhiteElo "2021"]
[BlackElo "2274"]
[TimeControl "180+1"]
[EndTime "9:06:53 PST"]
[Termination "jlmanzanares won on time"]

1. e4 c5 2. Nf3 e6 3. d4 cxd4 4. Nxd4 a6 5. Nc3 Qc7 6. Be3 Bb4 7. Be2 Bxc3+ 8. bxc3 Qxc3+ 9. Kf1 Nf6 10. Bd3 O-O 11. h4 Nc6 12. Ne2 Qa5 13. Ng3 d5 14. Bg5 Nxe4 15. Nxe4 dxe4 16. Bxe4 f5 17. Bf3 Ne5 18.
Be2 h6 19. Be7 Re8 20. Bd6 Nf7 21. Bf4 e5 22. Bd2 Qc7 23. h5 Be6 24. Rh3 Red8 25. Qc1 Kh7 26. Rc3 Qe7 27. Rb1 Qh4 28. Kg1 Nd6 29.
Rb6 Ne4 30. g3 Nxc3 31. Bxc3 Qf6 32. Qe3 Re8 33. Bxe5 Qf7 34. f4 Rac8 35. Bd3 Rc6 36. Rxc6 bxc6 37. Bxa6 Bd5 38. Be2 Be4 39. c4 Qd7 40. Qc5 Rd8 41. a4 Qd2 42. Kf2 Qd7 43.
a5 Ra8 44. Qb6 Qa7 45. c5 Qxa5 46. Qb7 Qa7 47. Qb2 Qxc5+ 48. Bd4 Qd5 49. Bxg7 Rg8 50. Be5 c5 51. Qb6 Qf7 52. Bc4 1-0

[Event "Early-Titled-Tuesday-Blitz-December-26-2023"]
[Site "Chess.com"]
[Date "2023.12.26"]
[Round "6"]
[White "ukchessbomber"]
[Black "rezamahdavi2008"]
[Result "1-0"]
[WhiteElo "2707"]
[BlackElo "2860"]
[TimeControl "180+1"]
[EndTime "9:06:54 PST"]
[Termination "ukchessbomber won by resignation"]

1. a3 g6 2. c4 Bg7 3. Nc3 d6 4. g3 e5 5. Bg2 f5 6. d3 Nd7 7.
Nf3 Ne7 8. O-O O-O 9. Rb1 Nf6 10. Nd2 g5 11. b4 f4 12. Nde4 h6 13. Nxf6+ Rxf6 14. Nd5 Nxd5 15. Bxd5+ Kh8 16. Bb2 c6 17. Bg2 Qe7 18. d4 Bf5 19. Rc1 Raf8 20. c5 e4 21.
d5 Rg6 22. Bxg7+ Kxg7 23. Qd4+ Kh7 24. Rfd1 Rd8 25. g4 dxc5 26. Qxc5 Qxc5 27. Rxc5 Bxg4 28. Bxe4 Bxe2 29. Re1 f3 30. dxc6 bxc6 31. Rxc6 Bd3 32. Bxg6+ Bxg6 33. Re7+ Kh8 34. h3 Bf5 35. Rxh6+ Kg8 36.
Rh5 Kf8 37. Re3 Kg7 38. Rxg5+ Kf6 39. Rg3 Rd1+ 40. Kh2 Rd2 41. Rgxf3 Kg6 42. Kg3 Rd1 43. Kf4 Kf6 44. Rc3 Rd4+ 45. Kg3 Ke6 46. Rc6+ Kd7 47. Ra6 Be6 48. Rxa7+ Kd6 49. Ra6+ Kd7 50. Re3 Bd5 51.
Ra7+ Kd6 52. Rg7 Rd1 53. Rg6+ Kd7 54. Rg7+ Kd6 55. Rg4 Rg1+ 56. Kf4 Rf1 57. f3 Rd1 58. h4 Rd4+ 59. Kg5 Rd1 60. h5 Rf1 61. h6 Bxf3 62.
Rxf3 Rxf3 63. h7 Rf8 64. Kh6 1-0